 Dungeon Crawl Stone Soup version 0.18.1-50-g88ac8fd (webtiles) character file.

25 DrChewbacca the Magician (level 2, 0/17 HPs)
             Began as a High Elf Wizard on Sept 19, 2016.
             Slain by an adder (5 damage)
             ... on level 2 of the Dungeon.
             The game lasted 00:18:50 (1420 turns).

DrChewbacca the Magician (High Elf Wizard)          Turns: 1420, Time: 00:18:51

Health: 0/17       AC:  2    Str:  6    XL:     2   Next: 86%
Magic:  1/8        EV: 12    Int: 25    God:
Gold:   79         SH:  0    Dex: 13    Spells: 5 memorised, 1 level left

rFire  . . .     SeeInvis .     h - +0 spear
rCold  . . .     Gourm    .     a - +0 robe
rNeg   . . .     Faith    .     (no shield)
rPois  .         Spirit   .     b - +0 hat
rElec  .         Dismiss  .     (no cloak)
rCorr  .         Reflect  .     (no gloves)
SustAt .         Harm     .     (no boots)
MR     .....                    (no amulet)
Stlth  ++........               (no ring)
                                e - +4 ring of intelligence

@: lethally poisoned (0 -> -6), very slightly contaminated, not resistant to
hostile enchantments, unstealthy
A: no striking features
a: no special abilities


You were on level 2 of the Dungeon.
You were hungry.

You visited 1 branch of the dungeon, and saw 2 of its levels.

You collected 79 gold pieces.

Inventory:

Hand Weapons
 h - a +0 spear (weapon)
Missiles
 g - 9 stones (quivered)
Armour
 a - a +0 robe (worn)
 b - a +0 hat (worn)
Jewellery
 e - a +4 ring of intelligence (left hand)
Scrolls
 l - a scroll of recharging {unknown}
Potions
 j - a potion of curing {unknown}
 k - a potion of heal wounds
 m - a potion of haste {unknown}
Books
 c - a book of Minor Magic

   Spells                             Type                      Level
   a - Magic Dart                     Conjuration                  1
   b - Blink                          Translocation                2
   c - Call Imp                       Summoning                    2
   d - Repel Missiles                 Charms/Air                   2
   e - Slow                           Hexes                        2
   f - Conjure Flame                  Conjuration/Fire             3
   g - Mephitic Cloud                 Conjuration/Poison/Air       3
Comestibles
 d - a bread ration
 f - a meat ration
 i - 4 chunks of flesh


   Skills:
 - Level 2.1 Dodging
 - Level 2.2 Stealth
 + Level 4.5 Spellcasting
 + Level 1.4 Conjurations
 + Level 1.1 Summonings
 + Level 1.1 Translocations


You had one spell level left.
You knew the following spells:

 Your Spells              Type           Power        Failure   Level  Hunger
a - Magic Dart            Conj           ##..         6%          1    None
b - Blink                 Tloc           N/A          10%         2    None
c - Call Imp              Summ           ##......     10%         2    None
d - Repel Missiles        Chrm/Air       #.....       14%         2    None
e - Slow                  Hex            #.......     14%         2    None


Dungeon Overview and Level Annotations

Branches:
Dungeon (2/15)

Altars:


Message History

The adder is moderately wounded.
You feel sick. The adder bites you.
Casting: Magic Dart
Confirm with . or Enter, or press ? or * to list all spells.
Aiming: Magic Dart
Press: ? - help, Shift-Dir - straight line, f/p - adder
Aim: an adder (moderately wounded)
The magic dart hits the adder.
The adder is moderately wounded.
The adder misses you.
Casting: Magic Dart
Confirm with . or Enter, or press ? or * to list all spells.
Aiming: Magic Dart
Press: ? - help, Shift-Dir - straight line, f/p - adder
Aim: an adder (moderately wounded)
The magic dart hits the adder.
The adder is severely wounded.
* * * LOW HITPOINT WARNING * * *
You feel sick. The adder bites you.
You die...

#. #.# . #. ..
####b######... #
........^S. .
#.....#.. #.
#.##.#_# #.##.@S..#
#....#...........
#.#..#...###.....
#....##### ...
###.####### ...
#.........# #.#
.####.#.##>###.###.#
......(.#.##
#.##.######.
.####.##).#
#...........


You could see an adder.

Vanquished Creatures
  An adder (D:1)
  A dart slug (D:1)
  3 bats
  A goblin (D:1)
  A hobgoblin (D:1)
  2 jackals (D:1)
  2 rats
11 creatures vanquished.

Vanquished Creatures (collateral kills)
  2 giant cockroaches (D:1)
  2 goblins
  A hobgoblin (D:1)
  2 giant newts (D:1)
  A kobold (D:1)
  2 rats (D:1)
10 creatures vanquished.

Grand Total: 21 creatures vanquished

Notes
Turn   | Place    | Note
--------------------------------------------------------------
     0 | D:1      | DrChewbacca the High Elf Wizard began the quest for the Orb.
     0 | D:1      | Reached XP level 1. HP: 11/11 MP: 6/6
   297 | D:1      | Reached skill level 4 in Spellcasting
   425 | D:1      | Reached XP level 2. HP: 16/17 MP: 2/8
   483 | D:1      | Learned a level 2 spell: Blink
   486 | D:1      | Learned a level 2 spell: Call Imp
   489 | D:1      | Learned a level 2 spell: Repel Missiles
   492 | D:1      | Learned a level 2 spell: Slow
   741 | D:1      | Reached skill level 1 in Summonings
  1404 | D:2      | Found a faded altar to an unknown god.
  1420 | D:2      | Slain by an adder

Skill      XL: |  1  2 |
---------------+-------+-----
Spellcasting   | 4 |  4.5
Summonings     | 1 |  1.1
Dodging        | |  2.1
Stealth        | |  2.2
Conjurations   | |  1.4
Translocations | |  1.1

Action                   || total
-------------------------++-------
Melee: Spear             ||     2
 Cast: Magic Dart        ||    34
       Call Imp          ||     9
       Slow              ||     3
       Blink             ||     2
  Use: Scroll            ||     1
       Potion            ||     4
  Eat: Chunk             ||     1
Armor: Robe              ||     3
Dodge: Dodged            ||     9
